 Dungeon Sprint DCSS version 0.26-a0-695-g987792ac36 (webtiles) character file.

Game seed: 13517884518436679655

115 sahdkjhfkaj the Insei (level 5, -3/42 HPs)
             Began as a Gnoll Transmuter on Oct 26, 2020.
             Was an Initiate of Gozag.
             Killed from afar by a gargoyle (18 damage)
             ... with a stone arrow
             ... in the Dungeon (Sprint IX: "|||||||||||||||||||||||||||||").
             The game lasted 00:00:47 (482 turns).

sahdkjhfkaj the Insei (Gnoll Transmuter)             Turns: 482, Time: 00:00:47

Health: -3/42      AC:  3    Str: 13    XL:     5   Next: 0%
Magic:  12/13      EV: 16    Int: 19    God:    Gozag
Gold:   0          SH:  0    Dex: 18    Spells: 14/15 levels left

rFire    . . .     SeeInvis .     - Unarmed
rCold    . . .     Faith    .   (no shield)
rNeg     . . .     Spirit   .   a - +0 robe
rPois    .         Reflect  .   (helmet currently unavailable)
rElec    .         Harm     .   (no cloak)
rCorr    .         Rampage  .   m - +0 pair of gloves
MR       .....     NoTele   +   (boots currently unavailable)
Stlth    +++.......             (no amulet)
HPRegen  0.14/turn              n - +3 ring of dexterity
MPRegen  0.13/turn              o - +3 ring of intelligence

@: appendages (expiring), gold aura
A: distributed training, fangs 1, horns 2, talons 2, strong nose
a: End Transformation, Potion Petition, Call Merchant, Bribe Branch, Renounce
Religion


You were in the Dungeon.
You worshipped Gozag.
Gozag was noncommittal.
You had grown temporary horns.
You had grown temporary talons.
You visited 1 branch

Inventory:

Armour
 a - a +0 robe (worn)
 l - a +0 helmet (melded)
 m - a +0 pair of gloves (worn)
Jewellery
 n - a +3 ring of dexterity (left hand)
 o - a +3 ring of intelligence (right hand)
Wands
 k - a wand of iceblast (10)
Scrolls
 h - 2 scrolls of blinking {!r}
 i - 3 scrolls of remove curse {!r}
 j - 2 scrolls of amnesia {!r}
Potions
 b - a potion of invisibility {!q}
 c - 4 potions of curing {!q}
 d - 3 potions of heal wounds {!q}
 e - a potion of haste {!q}
 f - 4 potions of magic {!q}
 g - a potion of berserk rage {!q}


   Skills:
 + Level 4.1 Fighting
 + Level 3.1 Short Blades
 + Level 3.1 Long Blades
 + Level 3.1 Axes
 + Level 3.1 Maces & Flails
 + Level 3.1 Polearms
 + Level 3.1 Staves
 + Level 3.1 Slings
 + Level 3.1 Bows
 + Level 3.1 Crossbows
 + Level 3.1 Throwing
 + Level 3.1 Armour
 + Level 5.6 Dodging
 + Level 3.1 Stealth
 + Level 3.1 Shields
 + Level 7.3 Unarmed Combat
 + Level 5.9 Spellcasting
 + Level 2.5 Conjurations
 + Level 2.5 Hexes
 + Level 2.5 Summonings
 + Level 2.5 Necromancy
 + Level 2.5 Translocations
 + Level 4.6 Transmutations
 + Level 2.5 Fire Magic
 + Level 2.5 Ice Magic
 + Level 2.5 Air Magic
 + Level 2.5 Earth Magic
 + Level 2.5 Poison Magic
 + Level 3.4 Invocations
 + Level 3.1 Evocations


You had 14 spell levels left.
You knew the following spells:

 Your Spells              Type           Power        Failure   Level
a - Beastly Appendage     Tmut           ###...       1%          1

Your spell library contained the following spells:

 Spells                   Type           Power        Failure   Level
 Wereblood                Tmut           ###.....     2%          2
 Spider Form              Tmut/Pois      ###.......   8%          3
 Ice Form                 Ice/Tmut       ###.....     26%         4
 Blade Hands              Tmut           ###.......   43%         5


Dungeon Overview and Level Annotations

Branches:
Dungeon (1/1)

Altars:
Cheibriados
Dithmenos
Elyvilon
Fedhas
Gozag
Hepliaklqana
Kikubaaqudgha
Makhleb
Nemelex Xobeh
Okawaru
Qazlal
Ru
Sif Muna
Trog
Uskayaw
Vehumet
Wu Jian
Xom
Yredelemnul
Zin
The Shining One
Beogh
Jiyva
Lugonu


Innate Abilities, Weirdness & Mutations

Your experience applies equally to all skills.
You have very sharp teeth.
Your uncanny sense of smell can sniff out nearby items.
You have a pair of horns on your head.
You have razor-sharp toenails.


Message History

The gargoyle is almost destroyed.
The howler monkey becomes distracted by the nearby gold, dreaming of imaginary riches.
Unknown command.
The howler monkey howls!
You hit the gargoyle but do no damage.
You headbutt the gargoyle, but do no damage.
The gargoyle is almost destroyed.
The gargoyle hurls a stone arrow at you.
The stone arrow misses you.
The two-headed ogre becomes distracted by the nearby gold, dreaming of imaginary riches.
You barely miss the gargoyle.
The two-headed ogre shouts in stereo!
You headbutt the gargoyle, but do no damage.
The gargoyle is almost destroyed.
The two-headed ogre is no longer distracted by gold.
The howler monkey hoots and howls with incredible vigour!
The gargoyle hurls a stone arrow at you.
The stone arrow hits you!!
You die...
Your body crumbles into a pile of gold.

▓+▓
∆
▓.▓
∆ $
▓O▓
$
▓y▓
$ $
▓h▓
$
▓h▓
∆ $
▓9▓
∆
▓@▓
∆ $
▓.▓
∆
▓.▓
$
▓[▓
▓.▓
$
▓.▓
▓.▓
$
▓)▓
$
▓.▓
$


You could see a two-headed ogre, a hornet, a gargoyle and 2 howler monkeys.

Vanquished Creatures
  A bullfrog (D)
  An iguana (D)
  A gnoll (D)
  2 oozes (D)
  A bat skeleton (D)
  A bat zombie (D)
  A goblin (D)
  2 kobolds (D)
  A leopard gecko zombie (D)
11 creatures vanquished.

Notes
Turn   | Place    | Note
-------+----------+-------------------------------------------
     0 | D        | sahdkjhfkaj the Gnoll Transmuter began the quest for the
                  | Orb.
     0 | D        | Reached XP level 1. HP: 17/17 MP: 6/6
     8 | D        | Reached skill level 1 in Short Blades
     8 | D        | Reached skill level 1 in Long Blades
     8 | D        | Reached skill level 1 in Axes
     8 | D        | Reached skill level 1 in Maces & Flails
     8 | D        | Reached skill level 1 in Polearms
     8 | D        | Reached skill level 1 in Staves
     8 | D        | Reached skill level 1 in Slings
     8 | D        | Reached skill level 1 in Bows
     8 | D        | Reached skill level 1 in Crossbows
     8 | D        | Reached skill level 1 in Throwing
     8 | D        | Reached skill level 1 in Armour
     8 | D        | Reached skill level 1 in Stealth
     8 | D        | Reached skill level 1 in Shields
     8 | D        | Reached skill level 5 in Spellcasting
     8 | D        | Reached skill level 1 in Invocations
     8 | D        | Reached skill level 1 in Evocations
    13 | D        | Reached XP level 2. HP: 19/23 MP: 8/8
    15 | D        | Reached skill level 1 in Conjurations
    15 | D        | Reached skill level 1 in Hexes
    15 | D        | Reached skill level 1 in Summonings
    15 | D        | Reached skill level 1 in Necromancy
    15 | D        | Reached skill level 1 in Translocations
    15 | D        | Reached skill level 1 in Fire Magic
    15 | D        | Reached skill level 1 in Ice Magic
    15 | D        | Reached skill level 1 in Air Magic
    15 | D        | Reached skill level 1 in Earth Magic
    15 | D        | Reached skill level 1 in Poison Magic
    72 | D        | Reached skill level 5 in Dodging
    72 | D        | Reached XP level 3. HP: 12/29 MP: 9/9
   322 | D        | Found a roughly hewn altar of Beogh.
   322 | D        | Found a snail-covered altar of Cheibriados.
   322 | D        | Found a shadowy altar of Dithmenos.
   322 | D        | Found a white marble altar of Elyvilon.
   322 | D        | Found a blossoming altar of Fedhas.
   322 | D        | Found an opulent altar of Gozag.
   323 | D        | Found a hazy altar of Hepliaklqana.
   369 | D        | Found a viscous altar of Jiyva.
   405 | D        | Found an ancient bone altar of Kikubaaqudgha.
   406 | D        | Found a corrupted altar of Lugonu.
   407 | D        | Found a burning altar of Makhleb.
   408 | D        | Found a sparkling altar of Nemelex Xobeh.
   409 | D        | Found an iron altar of Okawaru.
   410 | D        | Became a worshipper of Gozag Ym Sagoz the Greedy
   411 | D        | Found a stormy altar of Qazlal.
   412 | D        | Found a sacrificial altar of Ru.
   413 | D        | Found a shimmering blue altar of Sif Muna.
   414 | D        | Found a bloodstained altar of Trog.
   415 | D        | Found a hide-covered altar of Uskayaw.
   416 | D        | Found a radiant altar of Vehumet.
   417 | D        | Found an ornate altar of the Wu Jian Council.
   418 | D        | Found a shimmering altar of Xom.
   419 | D        | Found a basalt altar of Yredelemnul.
   420 | D        | Found a glowing silver altar of Zin.
   421 | D        | Found a glowing golden altar of the Shining One.
   459 | D        | Noticed a two-headed ogre
   459 | D        | Noticed a hornet
   459 | D        | Noticed a gargoyle
   459 | D        | Noticed a bullfrog
   465 | D        | Killed a bullfrog
   465 | D        | Reached skill level 7 in Unarmed Combat
   465 | D        | Reached XP level 4. HP: 31/37 MP: 9/11
   465 | D        | Reached XP level 5. HP: 35/42 MP: 10/13
   482 | D        | Killed from afar by a gargoyle

Illustrated notes

Levels and vault maps discovered:
D:        linesprint [early_d, line_temple, items_1, d_10, items_2, lair_1,
          lair_end, items_3, orc_1, orc_end, items_4, d_15, swamp_1, shoals_1,
          snake_1, spider_1, d_20, vaults_1, items_5, swamp_end, shoals_end,
          snake_end, spider_end, vaults_end, d_27, items_6, zot_1, zot_end,
          crypt_end, forest_end, elf_end, slime_end, tomb_end, abyss_end,
          pan_hell_end]

Skill      XL: |  1  2  3 |
---------------+----------+-----
Short Blades   | 1 2 3 |  3.1
Long Blades    | 1 2 3 |  3.1
Axes           | 1 2 3 |  3.1
Maces & Flails | 1 2 3 |  3.1
Polearms       | 1 2 3 |  3.1
Staves         | 1 2 3 |  3.1
Slings         | 1 2 3 |  3.1
Bows           | 1 2 3 |  3.1
Crossbows      | 1 2 3 |  3.1
Throwing       | 1 2 3 |  3.1
Armour         | 1 2 3 |  3.1
Stealth        | 1 2 3 |  3.1
Shields        | 1 2 3 |  3.1
Spellcasting   | 5 |  5.9
Invocations    | 1 2 3 |  3.4
Evocations     | 1 2 3 |  3.1
Conjurations   | 1 2 |  2.5
Hexes          | 1 2 |  2.5
Summonings     | 1 2 |  2.5
Necromancy     | 1 2 |  2.5
Translocations | 1 2 |  2.5
Fire Magic     | 1 2 |  2.5
Ice Magic      | 1 2 |  2.5
Air Magic      | 1 2 |  2.5
Earth Magic    | 1 2 |  2.5
Poison Magic   | 1 2 |  2.5
Fighting       | 3 4 |  4.1
Dodging        | 5 |  5.6
Transmutations | 4 |  4.6
Unarmed Combat | 7 |  7.3

Action                   |  1- 3 |  4- 6 || total
-------------------------+-------+-------++-------
Melee: Unarmed           |    32 |    15 ||    47
       Punch             |     1 |       ||     1
       Kick              |     4 |     7 ||    11
       Headbutt          |     4 |     6 ||    10
       Bite              |     2 |     2 ||     4
 Cast: Beastly Appendage |     3 |       ||     3
  Use: Potion            |       |     1 ||     1
 Stab: Sleeping          |     1 |       ||     1
Armor: Robe              |     3 |       ||     3
Dodge: Dodged            |    22 |    10 ||    32

Table legend: (Time is in decaauts)
 A = Elapsed time spent in this place.
 B = Non-inter-level travel time spent in this place.
 C = Inter-level travel time spent in this place.
 D = Time resting spent in this place.
 E = Time spent auto-exploring this place.
 F = Levels seen in this place.
 G = Mean time per level.
                   A        B        C        D        E       F      G
               +--------+--------+--------+--------+--------+-----+--------+
         Total |    475 |    475 |      0 |    359 |      3 |   1 |  475.0 |
       Dungeon |    475 |    475 |      0 |    359 |      3 |   1 |  475.0 |
               +--------+--------+--------+--------+--------+-----+--------+

Top non-repeatable levels by time:
       D: 475 daAuts
